 Dungeon Crawl Stone Soup version 0.25-a0-62-g88673ef095 (webtiles) character file.

Game seed: 6111642961937310037, levelgen mode: deterministic

1021 D1HalberdGnoll the Covert (level 8, -1/40 HPs)
             Began as a Vine Stalker Enchanter on Oct 30, 2019.
             Slain by a sky beast (5 damage)
             ... on level 6 of the Dungeon.
             The game lasted 00:17:13 (6408 turns).

D1HalberdGnoll the Covert (Vine Stalker Enchanter)  Turns: 6408, Time: 00:17:14

Health: -1/40      AC:  1    Str: 13    XL:     8   Next: 22%
Magic:  0/24       EV: 12    Int: 16    God:
Gold:   333        SH:  0    Dex: 14    Spells: 7/16 levels left

rFire    . . .     SeeInvis .   a - +1 dagger
rCold    . . .     Gourm    .   (no shield)
rNeg     . . .     Faith    +   b - +0 robe
rPois    .         Spirit   +   (no helmet)
rElec    .         Reflect  .   i - +2 cloak {+Inv}
rCorr    .         Harm     .   (no gloves)
MR       ++...                  (no boots)
Stlth    +++.......             j - amulet of faith
HPRegen  0.53/turn              p - ring of magical power
MPRegen  0.19/turn              r - ring of protection from magic

@: about to teleport, corroded, very slightly contaminated, drained
A: fangs 3, regeneration 1, magic shield, antimagic bite, no potion heal 3, rot
immunity
a: Evoke Invisibility


You were on level 6 of the Dungeon.
You were not hungry.

You visited 1 branch of the dungeon, and saw 6 of its levels.

You collected 333 gold pieces.

Inventory:

Hand Weapons
 a - a +1 dagger (weapon)
 e - the cursed +1 war axe of Midsummer {chop, rF+ Dex+2, unknown}
   (You found it on level 5 of the Dungeon)

   It inflicts extra damage upon your enemies.
   It affects your dexterity (+2).
   It protects you from fire.
   It has a curse placed upon it.
Missiles
 c - 250 stones (quivered)
Armour
 b - a +0 robe (worn)
 i - a +2 cloak of invisibility (worn)
Jewellery
 j - an amulet of faith (around neck)
 p - a ring of magical power (left hand)
 r - a ring of protection from magic (right hand)
Wands
 u - a wand of paralysis (9)
 x - a wand of random effects (13)
 A - a wand of flame (29)
Scrolls
 g - a scroll of amnesia {unknown}
 h - a scroll of remove curse
 k - 2 scrolls of enchant weapon {unknown}
 n - a scroll of fear {unknown}
 q - 2 scrolls of teleportation
 s - 2 scrolls of enchant armour
 v - a scroll of identify
 w - a scroll of vulnerability {unknown}
 y - a scroll of magic mapping {unknown}
Potions
 f - a potion of invisibility {unknown}
 l - a potion of lignification {unknown}
 m - a potion of might {unknown}
 o - a potion of haste {unknown}
 t - 3 potions of curing {unknown}
 z - a potion of berserk rage {unknown}
Comestibles
 d - 10 rations
 B - a chunk of flesh


   Skills:
 + Level 3.4(2.3) Fighting
 * Level 2.5(1.4) Short Blades
 - Level 2.1(1.0) Armour
 - Level 2.0(1.0) Dodging
 * Level 8.4(7.1) Stealth
 + Level 4.5(3.4) Spellcasting
 - Level 3.0(1.9) Hexes


You had 7 spell levels left.
You knew the following spells:

 Your Spells              Type           Power        Failure   Level  Hunger
a - Corona                Hex            #......      9%          1    None
b - Ensorcelled Hibernat  Hex/Ice        #.....       19%         2    ##.....
c - Dazzling Spray        Conj/Hex       #.....       36%         3    ###....
d - Tukima's Dance        Hex            #.......     24%         3    ###....

Your spell library contained the following spells:

 Spells                   Type           Power        Failure   Level  Hunger
 Animate Skeleton         Necr           N/A          19%         1    None
 Flame Tongue             Conj/Fire      #....        19%         1    None
 Pain                     Necr           #...         19%         1    None
 Confuse                  Hex            #.......     24%         3    ###....
 Throw Flame              Conj/Fire      #.....       26%         2    ##.....
 Inner Flame              Hex/Fire       #.......     36%         3    ###....
 Conjure Flame            Conj/Fire      #.......     47%         3    ###....
 Regeneration             Chrm/Necr      #.........   47%         3    ###....
 Vampiric Draining        Necr           #.........   47%         3    ###....
 Animate Dead             Necr           N/A          87%         4    ####...
 Sticky Flame             Conj/Fire      #.......     87%         4    ####...
 Fireball                 Conj/Fire      #.........   99%         5    ######.


Dungeon Overview and Level Annotations

Branches:
Dungeon (6/15)             Temple (0/1) D:6

Altars:
Kikubaaqudgha
Makhleb
Okawaru

Shops:
D:4 *


Innate Abilities, Weirdness & Mutations

You have razor-sharp teeth.
Your natural rate of healing is unusually fast.
When hurt, damage is shared between your health and your magic reserves.
Your bite disrupts and absorbs the magic of your enemies.
Potions cannot restore your health.
You are immune to rotting.


Message History

Aiming: Ensorcelled Hibernation (safe; 19% risk of failure)
Press: ? - help, Shift-Dir - straight line, f/p - sky beast
Aim: a sky beast (rain, lightly wounded, chance to defeat MR: 37%)
The sky beast easily resists.
The sky beast hits you.
* * * LOW HITPOINT WARNING * * *
The sky beast shocks you.
* * * LOW HITPOINT WARNING * * *
Casting: Ensorcelled Hibernation (safe; 19% risk of failure)
Confirm with . or Enter, or press ? or * to list all spells.
Aiming: Ensorcelled Hibernation (safe; 19% risk of failure)
Press: ? - help, Shift-Dir - straight line, f/p - sky beast
Aim: a sky beast (lightly wounded, chance to defeat MR: 37%)
The sky beast easily resists.
The sky beast hits you.
* * * LOW HITPOINT WARNING * * *
The sky beast shocks you.
* * * LOW HITPOINT WARNING * * *
Okay, then.
As you read the scroll of teleportation, it crumbles to dust.
You feel strangely unstable. The sky beast hits you. The sky beast shocks you.
You die...

#. ......#....# #.
.........$.# ##.
...<.......# #...
........(..### #.##
.#........... # .....
.......?(..##.#. ......
........(....... ......
.......@(....... ....
.##....Y..#..... ....
#............#.. ....
..#####.#........ .... .
##....##...#. ###. ..
#...####.###. .##[. ....
#..###...###. ....#
.....#..###.......###...#
#.....##...## #... #..


You could see a sky beast.

Vanquished Creatures
  2 sky beasts (D:5)
  2 ogres (D:4)
  2 wights (D:6)
  2 crimson imps (D:5)
  A jelly (D:6)
  Crazy Yiuf (D:3)
  An orc priest (D:6)
  4 orc wizards
  A bullfrog skeleton (D:5)
  An iguana (D:4)
  A worker ant (D:5)
  7 adders
  5 worms
  A dart slug (D:1)
  3 leopard geckos
  18 orcs
  A bat zombie (D:4)
  5 giant cockroaches
  11 hobgoblins
  14 jackals
  9 kobolds
  6 quokkas
  3 ball pythons
  A ball python skeleton (D:6)
  11 bats
  6 frilled lizards
  12 goblins
  A quokka skeleton (D:5)
  A quokka zombie (D:5)
  10 rats
  3 rat zombies (D:4)
146 creatures vanquished.

Vanquished Creatures (collateral kills)
  A wight (D:6)
  An orc (D:6)
2 creatures vanquished.

Vanquished Creatures (others)
  2 dancing weapons (D:6)
2 creatures vanquished.

Grand Total: 150 creatures vanquished

Notes
Turn   | Place    | Note
-------+----------+-------------------------------------------
     0 | D:1      | D1HalberdGnoll the Vine Stalker Enchanter began the quest
                  | for the Orb.
     0 | D:1      | Reached XP level 1. HP: 9/9 MP: 4/4
   123 | D:1      | Reached XP level 2. HP: 13/14 MP: 4/6
   126 | D:1      | Reached skill level 4 in Stealth
   589 | D:1      | Learned a level 2 spell: Ensorcelled Hibernation
   665 | D:1      | Reached XP level 3. HP: 11/17 MP: 2/7
  1147 | D:2      | Reached skill level 1 in Fighting
  1219 | D:2      | Found a faded altar of an unknown god.
  1344 | D:2      | Gained mutation: Your natural rate of healing is unusually
                  | fast. [Vine Stalker growth]
  1344 | D:2      | Reached XP level 4. HP: 20/22 MP: 4/9
  1573 | D:2      | Reached skill level 5 in Stealth
  2263 | D:3      | Found a burning altar of Makhleb.
  2304 | D:3      | Found a runed translucent door.
  2305 | D:3      | Noticed Crazy Yiuf
  2579 | D:3      | Reached XP level 5. HP: 25/25 MP: 6/10
  2838 | D:3      | Killed Crazy Yiuf
  2838 | D:3      | Reached skill level 1 in Armour
  2881 | D:4      | Noticed an ogre
  3156 | D:4      | Found Kabb's Lightly-Used Armoury.
  3340 | D:4      | Found an iron altar of Okawaru.
  3536 | D:4      | Reached skill level 6 in Stealth
  3543 | D:4      | Reached XP level 6. HP: 30/30 MP: 12/12
  3668 | D:4      | Found an ancient bone altar of Kikubaaqudgha.
  4407 | D:4      | Reached XP level 7. HP: 33/35 MP: 13/13
  4777 | D:5      | Entered Level 5 of the Dungeon
  4786 | D:5      | Got a twisted war axe
  4791 | D:5      | Learned a level 3 spell: Dazzling Spray
  4795 | D:5      | Learned a level 3 spell: Tukima's Dance
  4859 | D:5      | Reached skill level 7 in Stealth
  5503 | D:5      | Reached skill level 1 in Short Blades
  5855 | D:5      | Reached skill level 8 in Stealth
  6182 | D:6      | Found a staircase to the Ecumenical Temple.
  6246 | D:6      | Gained mutation: You have razor-sharp teeth. [Vine Stalker
                  | growth]
  6246 | D:6      | Reached XP level 8. HP: 18/40 MP: 3/15
  6408 | D:6      | Slain by a sky beast

Levels and vault maps discovered:
D:1:      minmay_arrival_shattered_statue, layout_rooms
D:2:      layout_basic, chequers_ecumenical_altar_simple_redux,
          kennysheep_generic_room_4
D:3:      layout_rooms, lemuel_crystal_altar, uniq_crazy_yiuf_cottage
D:4:      layout_loops_corners, okawaru_gym_becter,
          lemuel_zombie_altar_kikubaaqudgha, first_ration, minmay_shop_damaged
D:5:      layout_basic, chequers_serial_rivers_small_a
D:6:      layout_rooms, minmay_temple_entry_from_below_a

Skill      XL: |  1  2  3  4  5  6  7 |
---------------+----------------------+-----
Stealth        | 4 5 6 8 |  8.4
Fighting       | 1 2 3 |  3.4
Dodging        | 2 |  2.0
Spellcasting   | 3 4 |  4.5
Armour         | 1 2 |  2.1
Short Blades   | 2 |  2.5
Hexes          | |  3.0

Action                   |  1- 3 |  4- 6 |  7- 9 || total
-------------------------+-------+-------+-------++-------
Melee: Dagger            |    91 |   206 |   175 ||   472
       Bite              |    17 |    37 |    39 ||    93
Throw: Stone             |    12 |     7 |     6 ||    25
 Cast: Ensorcelled Hiber |    11 |    47 |    21 ||    79
       Corona            |       |     3 |       ||     3
       Dazzling Spray    |       |       |    20 ||    20
       Tukima's Dance    |       |       |     5 ||     5
  Use: Scroll            |       |     2 |     7 ||     9
 Stab: Sleeping          |    11 |    33 |    11 ||    55
       Invisible         |       |       |     4 ||     4
  Eat: Chunk             |     2 |    10 |       ||    12
       Ration            |       |     1 |     3 ||     4
Armor: Robe              |    15 |    36 |    34 ||    85
Dodge: Dodged            |    64 |   128 |    94 ||   286

Table legend:
 A = Non-vault XP
 B = Vault XP
 C = Vault XP percentage of total XP
 D = Non-vault monster count
 E = Vault monster count
 F = Vault count percentage of total count
                 A         B        C        D         E       F
            +---------+---------+-------+---------+---------+-------
      Total |    1409 |      50 |   3.4 |     141 |       7 |   4.7
            +---------+---------+-------+---------+---------+-------
        D:1 |      47 |       0 |   0.0 |      27 |       0 |   0.0
        D:2 |      65 |       4 |   5.8 |      27 |       2 |   6.9
        D:3 |      81 |      41 |  33.6 |      28 |       1 |   3.4
        D:4 |     405 |       5 |   1.2 |      27 |       4 |  12.9
        D:5 |     539 |       0 |   0.0 |      23 |       0 |   0.0
        D:6 |     272 |       0 |   0.0 |       9 |       0 |   0.0
            +---------+---------+-------+---------+---------+-------
